 Dungeon Crawl Stone Soup version 0.24.0-13-gcf9b319 (webtiles) character file.

Game seed: 7229941493286768594, levelgen mode: deterministic

638 Bronimir the Stinger (level 7, 0/50 HPs)
             Began as a Formicid Venom Mage on Apr 18, 2020.
             Was a Believer of Vehumet.
             Slain by an ogre
             ... wielding a +0 giant club
              (24 damage)
             ... on level 5 of the Dungeon.
             The game lasted 00:13:10 (6740 turns).

Bronimir the Stinger (Formicid Venom Mage)          Turns: 6740, Time: 00:13:12

Health: 0/50       AC:  4    Str: 14    XL:     7   Next: 80%
Magic:  6/12       EV: 12    Int: 15    God:    Vehumet [**....]
Gold:   389        SH:  4    Dex: 11    Spells: 1/13 levels left

rFire    . . .     SeeInvis +   a - +1 halberd
rCold    . . .     Gourm    .   c - +0 buckler
rNeg     . . .     Faith    +   g - +0 leather armour
rPois    .         Spirit   .   (helmet unavailable)
rElec    .         Reflect  .   v - +0 cloak
rCorr    .         Harm     .   (no gloves)
MR       .....                  (no boots)
Stlth    ++........             p - amulet of faith
HPRegen  0.16/turn              (no ring)
MPRegen  0.13/turn              (no ring)

@: very slightly contaminated
A: permanent stasis, dig shafts and tunnels, four strong arms, antennae 3
a: Dig, Shaft Self, Renounce Religion


You were on level 5 of the Dungeon.
You worshipped Vehumet.
Vehumet was pleased with you.
You were hungry.

You visited 1 branch of the dungeon, and saw 5 of its levels.

You collected 389 gold pieces.

Inventory:

Hand Weapons
 a - a +1 halberd (weapon)
 b - a +1 hunting sling
Missiles
 k - 120 arrows
 n - 78 stones (quivered)
Armour
 c - a +0 buckler (worn)
 d - a +0 ring mail
 g - a +0 leather armour (worn)
 i - a +0 helmet
 m - a +0 robe
 v - a +0 cloak (worn)
Jewellery
 j - an uncursed amulet of the acrobat
 p - an amulet of faith (around neck)
 u - a +3 amulet of reflection {unknown}
Scrolls
 e - 4 scrolls of identify
 h - 2 scrolls of magic mapping
 q - 2 scrolls of amnesia
 y - a scroll of enchant weapon
Potions
 f - a potion of mutation {unknown}
 l - a potion of lignification
 o - a potion of magic {unknown}
 s - a potion of cancellation
 t - a potion of heal wounds {unknown}
 w - 2 potions of haste {unknown}
 x - a potion of curing {unknown}
 z - a potion of might
 A - a potion of degeneration {unknown}
 B - a potion of invisibility {unknown}
 C - a potion of flight {unknown}
Comestibles
 r - 4 rations


   Skills:
 * Level 2.3 Fighting
   Level 0.1 Maces & Flails
 * Level 2.4 Polearms
 + Level 1.7 Slings
 * Level 2.6 Armour
 + Level 2.1 Dodging
 - Level 2.4 Stealth
 * Level 2.0 Shields
 + Level 3.9 Spellcasting
 * Level 2.4 Conjurations
 - Level 0.4 Air Magic
 * Level 0.9 Earth Magic
 * Level 5.8 Poison Magic


You had one spell level left.
You knew the following spells:

 Your Spells              Type           Power        Failure   Level  Hunger
a - Sting                 Conj/Pois      ###.         4%          1    None
b - Poisonous Vapours     Pois/Air       ##....       10%         2    ##.....
c - Mephitic Cloud        Conj/Pois/Air  ##......     22%         3    ###....
d - Olgreb's Toxic Radia  Pois           ###.....     22%         4    ####...
e - Magic Dart            Conj           ##..         9%          1    None
f - Sandblast             Erth           #.....       17%         1    None

Your spell library contained the following spells:

 Spells                   Type           Power        Failure   Level  Hunger
 Venom Bolt               Conj/Pois      ###.......   77%         5    ######.


Dungeon Overview and Level Annotations

Branches:
Dungeon (5/15)             Temple (0/1) D:4

Altars:
Kikubaaqudgha
Ru
Sif Muna
Trog
Vehumet
Xom
Zin


Innate Abilities, Weirdness & Mutations

You cannot be hasted, slowed, berserked, paralysed or teleported.
You can dig through walls and to a lower floor.
Your four strong arms can wield two-handed weapons with a shield.
You have a pair of large antennae on your head. (SInv)


Message History

n - 78 stones
Casting: Sandblast (safe; 17% risk of failure)
Confirm with . or Enter, or press ? or * to list all spells.
Aiming: Sandblast (safe; 17% risk of failure)
Press: ? - help, Shift-Dir - straight line, f/p - ogre
Aim: an ogre, wielding a +0 giant club (severely wounded, poisoned)
You miscast Sandblast.
You are very lightly contaminated with residual magic.
You feel earthy.
The ogre looks more healthy.
You are too injured to fight recklessly!
You are too injured to fight recklessly!
You are too injured to fight recklessly!
You are too injured to fight recklessly!
You barely miss the ogre.
The ogre is severely wounded.
You feel sick.
You are no longer poisoned.
The ogre closely misses you.
The ogre hits you with a +0 giant club!!
You die...

....#+##### #..
#.......... #..
#.......... #..
#.......... #..
#....O..... #..
#.......... #..
#.†........ #..
######......... #..
#.#######..@O'.........
##.
#......<#'####.........
#.
########...##....####+#
#. #...##....# #.
#...##....# .#####.
##.###....# #.......
#.###....###########
#...'....'......# #
#####....######.# #


You could see an ogre.

Vanquished Creatures
  An ogre (D:4)
  A scorpion (D:5)
  A jelly (D:5)
  An orc priest (D:4)
  An orc wizard (D:4)
  Jessica (D:2)
  An iguana (D:4)
  2 worker ants
  8 gnolls
  8 adders
  An adder zombie (D:3)
  4 worms
  3 dart slugs
  8 leopard geckos
  11 orcs
  3 ball pythons
  A giant cockroach (D:1)
  13 goblins
  10 hobgoblins
  12 jackals
  11 kobolds
  3 quokkas
  12 bats
  9 frilled lizards
  A jackal zombie (D:4)
  A leopard gecko skeleton (D:5)
  17 rats
145 creatures vanquished.

Notes
Turn   | Place    | Note
-------+----------+-------------------------------------------
     0 | D:1      | Bronimir the Formicid Venom Mage began the quest for the
                  | Orb.
     0 | D:1      | Reached XP level 1. HP: 13/13 MP: 3/3
   213 | D:1      | Reached XP level 2. HP: 18/19 MP: 0/5
   539 | D:1      | Learned a level 2 spell: Poisonous Vapours
   683 | D:1      | Reached skill level 1 in Conjurations
   698 | D:1      | Reached XP level 3. HP: 18/25 MP: 2/6
  1589 | D:2      | Reached skill level 1 in Armour
  1589 | D:2      | Reached XP level 4. HP: 25/31 MP: 2/8
  2258 | D:2      | Learned a level 3 spell: Mephitic Cloud
  2552 | D:2      | Found an ancient bone altar of Kikubaaqudgha.
  2713 | D:2      | Reached skill level 1 in Fighting
  2745 | D:2      | Reached XP level 5. HP: 16/37 MP: 5/9
  3422 | D:2      | Found a shimmering blue altar of Sif Muna.
  3715 | D:2      | Noticed Jessica
  3726 | D:2      | Killed Jessica
  3726 | D:2      | Reached skill level 1 in Shields
  4090 | D:2      | Reached skill level 5 in Poison Magic
  4454 | D:2      | Found a radiant altar of Vehumet.
  4463 | D:2      | Became a worshipper of Vehumet
  4517 | D:3      | Learned a level 4 spell: Olgreb's Toxic Radiance
  4584 | D:3      | Reached XP level 6. HP: 41/43 MP: 5/10
  4710 | D:3      | Found a sacrificial altar of Ru.
  4888 | D:3      | Reached * piety under Vehumet
  4888 | D:3      | Offered knowledge of Magic Dart by Vehumet.
  4891 | D:3      | Learned a level 1 spell: Magic Dart
  4981 | D:3      | Found a bloodstained altar of Trog.
  5407 | D:4      | Found a staircase to the Ecumenical Temple.
  5424 | D:4      | Reached skill level 1 in Polearms
  5605 | D:4      | Reached skill level 1 in Slings
  5989 | D:4      | Found a bloodstained altar of Trog.
  6048 | D:4      | Reached XP level 7. HP: 45/50 MP: 7/12
  6055 | D:4      | Offered knowledge of Sandblast by Vehumet.
  6056 | D:4      | Reached ** piety under Vehumet
  6059 | D:4      | Learned a level 1 spell: Sandblast
  6270 | D:4      | Found a shimmering altar of Xom.
  6274 | D:4      | Noticed an angel
  6277 | D:4      | Found a glowing silver altar of Zin.
  6467 | D:5      | Entered Level 5 of the Dungeon
  6740 | D:5      | Slain by an ogre

Levels and vault maps discovered:
D:1:      dpeg_arrival_rooms_c, layout_rooms, minmay_misc_feat_hallway,
          st_stairs_8, minmay_misc_feat_four_crosses, minmay_vboxes
D:2:      cheibrodos_greedy_goblins, layout_loops_cross, led_sif_pool,
          kiku_gazebo_pond_becter, lemuel_coloured_pillars_altar,
          minmay_joined_circles, uniq_jessica
D:3:      layout_loops_ring, lemuel_crystal_altar, lightli_temple_of_fire,
          kennysheep_big_empty_room
D:4:      layout_loops_corners, grunt_temple_overflow_order_and_chaos_1,
          minmay_temple_entry_tees, first_ration, trog_three_pillars_becter
D:5:      layout_basic

Skill      XL: |  1  2  3  4  5  6  7 |
---------------+----------------------+-----
Conjurations   | 1 2 |  2.4
Dodging        | 2 |  2.1
Armour         | 1 2 |  2.6
Spellcasting   | 3 |  3.9
Fighting       | 1 2 |  2.3
Shields        | 1 2 |  2.0
Poison Magic   | 5 |  5.8
Polearms       | 1 2 |  2.4
Slings         | 1 |  1.7
Maces & Flails | |  0.1
Stealth        | |  2.4
Air Magic      | |  0.4
Earth Magic    | |  0.9

Action                   |  1- 3 |  4- 6 |  7- 9 || total
-------------------------+-------+-------+-------++-------
Melee: Unarmed           |     5 |       |       ||     5
       Club              |    71 |    90 |       ||   161
       Spear             |       |   135 |       ||   135
       Quarterstaff      |       |     6 |       ||     6
       Halberd           |       |     9 |    26 ||    35
 Fire: Hunting sling     |       |    78 |       ||    78
 Cast: Sting             |    24 |     8 |       ||    32
       Poisonous Vapours |    17 |    51 |     3 ||    71
       Mephitic Cloud    |       |     3 |     2 ||     5
       Olgreb's Toxic Ra |       |     5 |     2 ||     7
       Sandblast         |       |       |     4 ||     4
 Abil: Dig               |       |     3 |       ||     3
  Use: Potion            |       |     1 |       ||     1
       Scroll            |       |     8 |     1 ||     9
 Stab: Sleeping          |     1 |     3 |       ||     4
       Confused          |       |     1 |     1 ||     2
  Eat: Chunk             |     3 |    16 |       ||    19
       Ration            |       |     1 |     1 ||     2
Armor: Robe              |     9 |       |       ||     9
       Leather armour    |    23 |    47 |     2 ||    72
       Skin              |       |    25 |       ||    25
Dodge: Dodged            |   111 |   174 |    14 ||   299
Block: Buckler           |       |    44 |     7 ||    51
